 Dungeon Crawl Stone Soup version 0.31.0-11-ge490571c62 (webtiles) character file.

Game seed: 1046835061789561743

254 qw the Shooter (level 5, -7/26 HPs)
             Began as a Spriggan Hunter on Feb 4, 2024.
             Was an Initiate of Okawaru.
             Mangled by an iguana (9 damage)
             ... on level 5 of the Dungeon.
             The game lasted 00:00:16 (3712 turns).

qw the Shooter (Spriggan Hunter)                    Turns: 3712, Time: 00:00:16

Health: -7/26      AC:  2    Str:  7    XL:     5   Next: 91%
Magic:  6/6        EV: 20    Int: 11    God:    Okawaru [......]
Gold:   183        SH:  0    Dex: 20    Spells: 4/4 levels left

rFire   + + .        a - +2 shortbow
rCold   + + .        (shield currently unavailable)
rNeg    . . .        c - +0 robe
rPois   .            (helmet restricted)
rElec   .            i - scarf {rC+ rF+}
rCorr   .            (gloves unavailable)
SInv    +            (boots unavailable)
Will    .....        (no amulet)
Stlth   ++           m - ring of protection from cold
HPRegen 0.24/turn    o - ring of protection from fire
MPRegen 0.10/turn

%: no passive effects
@: about to teleport, very quick
A: very small, no large weapons, unfitting armour, see invisible, speed 3
a: Renounce Religion


You were on level 5 of the Dungeon.
You worshipped Okawaru.
Okawaru was noncommittal.
You visited 2 branches of the dungeon, and saw 6 of its levels.

You collected 183 gold pieces.


Innate Abilities, Weirdness & Mutations

You are very small and have problems with some larger weapons.
You are too small for most types of armour.
You have supernaturally acute eyesight. (SInv)
You cover ground extremely quickly. (Speed+++)


   Skills:
 - Level 2.0 Fighting
 - Level 6.2 Ranged Weapons
 + Level 5.0 Dodging
 - Level 1.5 Stealth


You had 4 spell levels left.
You didn't know any spells.
Your spell library was empty.

Inventory:

Hand Weapons
 a - a +2 shortbow (weapon)
Armour
 c - a +0 robe (worn)
 i - a scarf of resistance (worn)
Jewellery
 e - the ring of Foxziuf {rN+++ Will- EV+5 Int+6}
   (You found it on level 5 of the Dungeon)

   [ring of evasion]

   EV+5:      It affects your evasion (+5).
   Int+6:     It affects your intelligence (+6).
   rN+++:     It renders you almost immune to negative energy.
   Will-:     It decreases your willpower.
 m - a ring of protection from cold (left hand)
 o - a ring of protection from fire (right hand)
Wands
 k - a wand of quicksilver (14)
Scrolls
 f - a scroll of identify
Potions
 b - a potion of mutation
 h - a potion of attraction {unknown}
 j - a potion of cancellation {unknown}
 l - a potion of invisibility {unknown}
 n - a potion of berserk rage {unknown}
 p - a potion of resistance

Dungeon Overview and Level Annotations

Branches:
Dungeon (5/15)             Temple (1/1) D:4

Altars:
Ashenzari
Cheibriados
Dithmenos
Elyvilon
Gozag
Hepliaklqana
Makhleb
Nemelex Xobeh
Okawaru
Qazlal
Ru
Trog
Uskayaw
Vehumet
Wu Jian
Yredelemnul
The Shining One

Annotations:
D:5 Ijyb


Message History

An iguana comes into view.
You shoot an arrow. The arrow hits the iguana.
The iguana hisses angrily.
The iguana is moderately wounded.
You shoot an arrow. The arrow hits the iguana.
The iguana is heavily wounded.
The iguana completely misses you.
You shoot an arrow. The arrow barely misses the iguana.
The iguana completely misses you.
You shoot an arrow. The arrow closely misses the iguana.
The iguana hisses menacingly.
The iguana closely misses you.
You shoot an arrow.
The arrow hits the iguana but does no damage.
The iguana is heavily wounded.
The iguana misses you.
You shoot an arrow. The arrow hits the iguana.
The iguana is heavily wounded.
The iguana bites you.
You shoot an arrow. The arrow closely misses the iguana.
The iguana hisses menacingly.
The iguana completely misses you.
You shoot an arrow.
The arrow hits the iguana but does no damage.
The iguana is heavily wounded.
The iguana bites you!
You shoot an arrow.
The arrow hits the iguana but does no damage.
The iguana is heavily wounded.
The iguana bites you!
Ouch! That really hurt!
3711 ||| READING scroll of teleportation.
As you read the scroll of teleportation, it crumbles to dust.
You feel strangely unstable. The iguana closely misses you.
You shoot an arrow.
The arrow hits the iguana but does no damage.
The iguana is heavily wounded.
The iguana bites you!
You die...

g...........#####
.....<..........#
.###.#.###...##.#
#.#.# #...##.# ....#
#...##.#
##.#####...##.# #.#
#.....##.# #.#
#.##..##.## #.#
#.##..#..@#
#.###.##..#.#l.....#
#.##...#..#...####.#
#.#.###...#####
#...# #...#
###.###..## ##...#.#
########.##.#
.........##..


You could see an iguana.

Vanquished Creatures
  A scorpion (D:5)
  An orc priest (D:4)
  An orc wizard (D:3)
  7 adders
  2 dart slugs
  11 orcs
  5 bats
  An endoplasm (D:4)
  10 goblins
  7 hobgoblins
  4 jackals (D:1)
  2 quokkas
  6 ball pythons
  2 frilled lizards
  4 kobolds
  3 rats
67 creatures vanquished.

Notes
Turn   | Place    | Note
-------+----------+-------------------------------------------
     0 | D:1      | qw the Spriggan Hunter began the quest for the Orb.
     0 | D:1      | Reached XP level 1. HP: 10/10 MP: 2/2
     0 | D:1      | 0 ||| qw: Version: 0.3-a-160-g6735b56
     0 | D:1      | 0 ||| qw: Game counter: 5748
     0 | D:1      | 0 ||| qw: Melee chars always use a shield: true
     0 | D:1      | 0 ||| qw: God list: Okawaru
     0 | D:1      | 0 ||| qw: Allow faded altars: false
     0 | D:1      | 0 ||| qw: Do Orc after clearing Dungeon:15 true
     0 | D:1      | 0 ||| qw: Do second Lair branch before Depths: true
     0 | D:1      | 0 ||| qw: Lair rune preference: random
     0 | D:1      | 0 ||| qw: Goals: Normal
     0 | D:1      | 0 ||| PLANNING D:1-11
    95 | D:1      | Reached skill level 3 in Dodging
   430 | D:1      | Reached XP level 2. HP: 14/14 MP: 3/3
   750 | D:1      | 750 ||| DROPPING +6 ring of intelligence.
   751 | D:1      | 751 ||| READING 2 scrolls labelled ZUOGAITETE.
   751 | D:1      | 751 ||| IDENTIFYING sapphire potion
   752 | D:1      | 752 ||| READING scroll of identify.
   752 | D:1      | 752 ||| IDENTIFYING bubbling puce potion
   753 | D:1      | 753 ||| READING scroll labelled RIUKHA HILU.
   854 | D:1      | 854 ||| READING scroll labelled PAITEI GUENWY.
   854 | D:1      | 854 ||| ENCHANTING +0 shortbow.
   855 | D:1      | 855 ||| DROPPING scroll of butterflies.
   856 | D:1      | 856 ||| DROPPING potion of brilliance.
  1076 | D:2      | Reached XP level 3. HP: 7/18 MP: 4/4
  1368 | D:2      | HP: 4/18 [poisoned by an adder]
  1370 | D:2      | 1370 ||| DRINKING potion of curing.
  1370 | D:2      | 1370 ||| (to cure poison)
  1629 | D:2      | Reached skill level 5 in Ranged Weapons
  1802 | D:2      | 1802 ||| READING scroll of identify.
  1802 | D:2      | 1802 ||| IDENTIFYING fizzy grey potion
  1803 | D:2      | 1803 ||| READING 2 scrolls labelled EGEMNORUOR.
  1939 | D:3      | Reached XP level 4. HP: 22/22 MP: 5/5
  2117 | D:3      | Found an ornate altar of the Wu Jian Council.
  2433 | D:3      | Found a faded altar of an unknown god.
  2548 | D:3      | 2548 ||| UPGRADING to scarf of resistance.
  2553 | D:3      | 2553 ||| UPGRADING to ring of protection from cold.
  2554 | D:3      | 2554 ||| DROPPING ring of magical power.
  2555 | D:3      | 2555 ||| UPGRADING to ring of protection from fire.
  2556 | D:3      | 2556 ||| READING 2 scrolls of identify.
  2556 | D:3      | 2556 ||| IDENTIFYING red potion
  2557 | D:3      | 2557 ||| READING scroll of identify.
  2557 | D:3      | 2557 ||| IDENTIFYING cyan potion
  2558 | D:3      | 2558 ||| DROPPING potion of degeneration.
  2655 | D:4      | 2655 ||| READING scroll of enchant weapon.
  2655 | D:4      | 2655 ||| ENCHANTING +1 shortbow.
  2735 | D:4      | Found a staircase to the Ecumenical Temple.
  2736 | D:4      | 2736 ||| PLANNING TEMPLE
  2736 | D:4      | 2736 ||| READING scroll of identify.
  2736 | D:4      | 2736 ||| IDENTIFYING glowing grey potion
  2737 | D:4      | 2737 ||| DROPPING potion of magic.
  2747 | Temple   | Entered the Ecumenical Temple
  2748 | Temple   | 2748 ||| PLANNING OKAWARU WORSHIP
  2757 | Temple   | Became a worshipper of Warmaster Okawaru
  2758 | Temple   | 2758 ||| PLANNING D:1-11
  3051 | D:4      | Reached XP level 5. HP: 26/26 MP: 6/6
  3370 | D:4      | 3370 ||| READING scroll of identify.
  3370 | D:4      | 3370 ||| IDENTIFYING golden potion
  3371 | D:4      | 3371 ||| READING scroll labelled TENECO KIVUAS.
  3372 | D:4      | 3372 ||| DRINKING 2 smoky inky potions.
  3373 | D:4      | 3373 ||| DROPPING potion of lignification.
  3401 | D:5      | Entered Level 5 of the Dungeon
  3406 | D:5      | 3406 ||| STAIRDANCE
  3417 | D:5      | 3417 ||| STAIRDANCE
  3423 | D:5      | 3423 ||| STAIRDANCE
  3456 | D:5      | Noticed Ijyb
  3458 | D:5      | 3458 ||| FLEEEEING.
  3460 | D:5      | 3460 ||| FLEEEEING.
  3467 | D:5      | 3467 ||| STAIRDANCE
  3518 | D:5      | HP: 5/26 [Ijyb/+0 dagger (2)]
  3519 | D:5      | 3519 ||| READING 2 scrolls of teleportation.
  3520 | D:5      | 3520 ||| DRINKING potion of heal wounds.
  3530 | D:5      | HP: 6/26 [poisoned by a scorpion]
  3531 | D:5      | Reached skill level 6 in Ranged Weapons
  3531 | D:5      | 3531 ||| DRINKING potion of curing.
  3531 | D:5      | 3531 ||| (to cure poison)
  3549 | D:5      | 3549 ||| FLEEEEING.
  3550 | D:5      | 3550 ||| STAIRDANCE
  3656 | D:5      | Identified the ring of Foxziuf {rN+++ Will- EV+5 Int+6}
  3710 | D:5      | HP: 1/26 [iguana (13)]
  3711 | D:5      | 3711 ||| READING scroll of teleportation.
  3712 | D:5      | Mangled by an iguana

Levels and vault maps discovered:
D:1:      dpeg_arrival_lava_temple_mockup, layout_basic
D:2:      kennysheep_the_goblin_king, layout_basic, grunt_decor_resistance,
          chequers_garden, kennysheep_generic_room_15
D:3:      layout_basic, nicolae_wu_jian_immortal_techniques,
          basic_ecumenical_altar, hangedman_abyss_or_decor_stabs,
          minmay_randomly_rotated_circles
D:4:      layout_basic, minmay_temple_entry_purple_smoke,
          amcnicky_mini_rare_corridor_liquid
D:5:      layout_loops_ring, sigmund_army, uniq_ijyb
Temple:   nicolae_temple_x_marks_the_god

Skill      XL: |  1  2  3  4  5 |
---------------+----------------+-----
Dodging        | 3 4 5 |  5.0
Ranged Weapons | 5 6 |  6.2
Fighting       | 2 |  2.0
Stealth        | |  1.5

Action                     |  1- 3 |  4- 6 || total
---------------------------+-------+-------++-------
   Fire: Shortbow          |    99 |   114 ||   213
    Use: Scroll            |     6 |     8 ||    14
         Potion            |     1 |     3 ||     4
 Armour: Robe              |    14 |    25 ||    39
  Dodge: Dodged            |    48 |    67 ||   115

Table legend:
 A = Non-vault XP
 B = Vault XP
 C = Vault XP percentage of total XP
 D = Non-vault monster count
 E = Vault monster count
 F = Vault count percentage of total count
                 A         B        C        D         E       F
            +---------+---------+-------+---------+---------+-------
      Total |     327 |      37 |  10.2 |      54 |      13 |  19.4
            +---------+---------+-------+---------+---------+-------
        D:1 |      22 |       0 |   0.0 |      13 |       0 |   0.0
        D:2 |      56 |      13 |  18.8 |      12 |       7 |  36.8
        D:3 |      52 |      24 |  31.6 |       9 |       6 |  40.0
        D:4 |     114 |       0 |   0.0 |      18 |       0 |   0.0
        D:5 |      83 |       0 |   0.0 |       2 |       0 |   0.0
            +---------+---------+-------+---------+---------+-------
